Meguming, chaotic female elven Wizard ----- ....* .... .... .... ... ... -- ...---.-- .......-- .......- ...... ....-- -G..--- -.<..--- -- ----- ------------.%...-- - -..............G......))G)@......| | ---- --------.....----.--- |..---- -- --- Meguming the Thaumaturge Experience level: 6 Strength: 14 Dexterity: 14 Constitution: 11 Intelligence: 18 Wisdom: 11 Charisma: 8 Health: 0(39) Energy: 0(68) AC: 9 Gold: 457 Moves: 1430 Your Inventory: Coins $ - 457 gold pieces Amulets G - a [blessed] square amulet [of magical breathing] Weapons D - a cursed [-1] elven dagger named Sting [Sting] (weapon in hand) F - an [uncursed +0] dagger (in quiver) J - a [cursed -3] dagger Armor b - an uncursed +0 cloak of magic resistance (being worn) Comestibles q - 3 [uncursed] food rations u - an [uncursed] banana B - an [uncursed] tripe ration I - an [uncursed] lichen corpse Scrolls i - an uncursed scroll of light k - an uncursed scroll of enchant armor p - an uncursed scroll of destroy armor Spellbooks l - a blessed spellbook of force bolt m - an uncursed spellbook of cure blindness r - an [uncursed] spellbook of create monster t - an [uncursed] spellbook of force bolt x - an [uncursed] spellbook of healing Potions f - 2 uncursed potions of speed g - an uncursed potion of fruit juice h - an uncursed potion of monster detection w - a blessed potion of object detection y - an uncursed potion of enlightenment z - a [cursed] sky blue potion [of healing] H - a [blessed] clear potion [of holy water] Rings d - an uncursed ring of stealth (on right hand) e - an uncursed ring of slow digestion (on left hand) Wands c - an uncursed wand of secret door detection (0:11) s - an [uncursed] brass wand [of opening (0:3)] v - an [uncursed] zinc wand [of sleep (0:6)] Tools n - an uncursed blindfold o - an uncursed bugle A - an [uncursed] horn of plenty [0:5] K - an [uncursed] partly used [wax] candle (lit) L - an [uncursed tallow] candle Spells known in the end: Name Level Category Fail Memory a - force bolt 1 attack 0% [||||||||] b - cure blindness 2 healing 43% [||||||||] c - create monster 2 clerical 43% [||||||||] d - healing 1 healing 0% [||||||||] Your skills at the end: Fighting Skills Weapon Skills quarterstaff [Basic / Expert] Spellcasting Skills attack spells [Basic / Expert] enchantment spells [Basic / Skilled] Final Attributes: You were devoutly aligned. Hunger level was 1201. Your alignment was 16 / 17. Monster difficulty range was 1 - 6. Level difficulty was 6. You were immune to sleep. You were magic-protected. You saw invisible. You were aware of the presence of orcs. You had infravision. You were stealthy. You had slower digestion. Your luck was zero. You are dead. Vanquished creatures: 2 small mimics 2 dwarves a wererat 2 iguanas a hobbit a large kobold 2 cave spiders a green mold 9 gnomes 2 geckos 4 jackals a kobold 2 grid bugs a lichen a kobold zombie 5 newts 37 creatures vanquished. Voluntary challenges: You used a wielded weapon 21 times. You read items or engraved 8 times. You put on armor 1 time. You never genocided any monsters. You never polymorphed an object. You never changed form. You used no wishes. You wrote Elbereth's name 2 times. You never encountered a bones level. You never used any Sokoban shortcuts. Dungeon overview: The Dungeons of Doom: levels 1 to 5 Level 1 some fountains a long staircase Level 3 a scroll shop Level 4 some fountains stairs to The Gnomish Mines The Gnomish Mines: levels 5 to 6 Level 5 stairs to The Dungeons of Doom Level 6 <- You were here History has recorded: On T:1 you entered the Dungeons of Doom to retrieve the Amulet of Yendor! On T:173 you reached level 2 of The Dungeons of Doom. On T:387 you reached level 3 of The Dungeons of Doom. On T:459 you advanced to experience level 2. On T:654 you advanced to experience level 3. On T:734 you reached level 4 of The Dungeons of Doom. On T:839 you advanced to experience level 4. On T:854 you advanced to experience level 5. On T:978 you reached level 1 of The Gnomish Mines. On T:1099 you reached level 5 of The Dungeons of Doom. On T:1344 you advanced to experience level 6. On T:1424 you reached level 2 of The Gnomish Mines. Latest messages: The spell hits the gnome! You kill the gnome! Splat! You see here a gnome corpse. The gnome wields a crossbow! [HP+1=6] The dagger hits the gnome. The gnome throws a dart! You are almost hit by a dart. The gnome shoots a crossbow bolt! You are hit by a crossbow bolt. [HP-2=4] The dagger hits the gnome. The dagger misses the gnome. The gnome shoots a crossbow bolt! You are hit by a crossbow bolt! You die... Final status: Goodbye Meguming the Wizard... You died in The Gnomish Mines on dungeon level 6 with 1844 points, and 457 pieces of gold, after 1430 moves. You were level 6 with a maximum of 39 hit points when you died.